 Dungeon Crawl Stone Soup version 0.21.1-1-g345015f (webtiles) character file.

179 iamserjio the Sneak (level 5, -5/37 HPs)
             Began as an Octopode Monk on Apr 6, 2018.
             Shot with an arrow by a centaur (15 damage)
             ... on level 3 of the Dungeon.
             The game lasted 00:06:36 (3128 turns).

iamserjio the Sneak (Octopode Monk)                 Turns: 3128, Time: 00:06:36

Health: -5/37      AC:  1    Str: 11    XL:     5   Next: 59%
Magic:  5/5        EV: 15    Int: 12    God:
Gold:   105        SH:  0    Dex: 15    Spells: 4/4 levels left

rFire    . . .     SeeInvis .   j - -1 dagger (curse)
rCold    . . .     Gourm    .   (no shield)
rNeg     . . .     Faith    .   (helmet restricted)
rPois    .         Spirit   .   (no amulet)
rElec    .         Reflect  .   (no ring)
rCorr    .         Harm     .   (no ring)
MR       .....                  (no ring)
Stlth    ++++......             (no ring)
HPRegen  0.12/turn              (no ring)
MPRegen  0.09/turn              (no ring)
                                (no ring)
                                (no ring)

@: no status effects
A: almost no armour, stealthy swim, amphibious, 8 rings, constrict 8, camouflage
1, gelatinous body 1
a: no special abilities


You were on level 3 of the Dungeon.
You were not hungry.

You visited 1 branch of the dungeon, and saw 3 of its levels.

You collected 105 gold pieces.

Inventory:

Hand Weapons
 a - a +0 short sword
 j - a cursed -1 dagger (weapon)
Wands
 g - a wand of disintegration (15)
Scrolls
 c - a scroll of identify
 e - a scroll of teleportation
 k - a scroll of immolation {unknown}
Potions
 d - a potion of curing {unknown}
 f - a potion of ambrosia {unknown}
 h - 2 potions of might {unknown}
 i - a potion of flight {unknown}
 m - a potion of resistance {unknown}
 n - a potion of brilliance {unknown}
Comestibles
 b - 9 rations
 l - a chunk of flesh


   Skills:
 + Level 4.0 Fighting
 + Level 3.9 Short Blades
 * Level 4.0 Dodging
 + Level 4.6 Stealth


You had 4 spell levels left.
You didn't know any spells.

Dungeon Overview and Level Annotations

Branches:
Dungeon (3/15)

Altars:
Hepliaklqana
Yredelemnul
The Shining One

Annotations:
D:3 Grinder


Innate Abilities, Weirdness & Mutations

You cannot wear most types of armour.
You are very stealthy in the water. (Stealth+)
You are amphibious.
You can wear up to eight rings at the same time.
You can use your tentacles to constrict eight enemies at once.
Your skin changes colour to match your surroundings (Stealth+).
Your rubbery body absorbs attacks. (AC +1, EV +1)


Message History

You see here a rat skeleton. x2
A centaur comes into view.
Grinder comes into view.
Found a potion of heal wounds and a ruby potion.
You see here 19 arrows.
Grinder shouts!
The centaur shouts!
Grinder blinks!
The centaur wields a shortbow.
The centaur shoots an arrow.
The arrow hits you!
You see here an arrow.
The centaur shoots an arrow.
The arrow hits you. Grinder gestures at you. Pain shoots through your body!
The centaur shoots an arrow.
The arrow barely misses you.
The centaur shoots an arrow.
The arrow completely misses you.
The centaur shoots an arrow.
The arrow hits you!
* * * LOW HITPOINT WARNING * * *
You see here 2 arrows.
Okay, then.
The centaur shoots an arrow.
The arrow hits you!
You die...

.####............#.# .#
#..............#########
.####...#######.....##.....##
....###.######...รท..........##
[...# #......................#
)...# #######..............!.#
....#### #..............!.#
..##...## #......5...c.....#
........## #...@.(..((......#
.........# #>.....$.........#
.........# ##..............##
.........# ##.....##.<...##
........## ##############
..##...## ### ####


You could see Grinder and a centaur.

Vanquished Creatures
  4 gnolls (D:2)
  7 adders
  4 worms
  4 dart slugs
  A leopard gecko (D:3)
  An orc (D:3)
  A ball python (D:3)
  A giant cockroach (D:1)
  7 hobgoblins
  8 jackals
  A quokka (D:3)
  4 bats
  3 frilled lizards (D:2)
  3 goblins
  6 kobolds
  7 rats
62 creatures vanquished.

Notes
Turn   | Place    | Note
-------+----------+-------------------------------------------
     0 | D:1      | iamserjio the Octopode Monk began the quest for the Orb.
     0 | D:1      | Reached XP level 1. HP: 16/16 MP: 1/1
   167 | D:1      | Reached XP level 2. HP: 21/21 MP: 2/2
   888 | D:2      | Reached XP level 3. HP: 13/26 MP: 3/3
  1006 | D:3      | Reached XP level 4. HP: 8/31 MP: 4/4
  1914 | D:2      | Reached XP level 5. HP: 22/37 MP: 5/5
  3041 | D:3      | Found a glowing golden altar of the Shining One.
  3044 | D:3      | Found a hazy altar of Hepliaklqana.
  3047 | D:3      | Found a basalt altar of Yredelemnul.
  3118 | D:3      | Noticed a centaur
  3120 | D:3      | Noticed Grinder
  3128 | D:3      | Shot with an arrow by a centaur

Skill      XL: |  1  2  3  4  5 |
---------------+----------------+-----
Stealth        | 3 4 |  4.6
Fighting       | 4 |  4.0
Dodging        | 4 |  4.0
Short Blades   | |  3.9

Action                   |  1- 3 |  4- 6 || total
-------------------------+-------+-------++-------
Melee: Short sword       |    32 |    59 ||    91
       Constrict         |     6 |    24 ||    30
       Tentacles         |     4 |    19 ||    23
       Dagger            |       |    34 ||    34
  Use: Scroll            |       |     1 ||     1
 Stab: Sleeping          |     6 |    13 ||    19
  Eat: Chunk             |       |     7 ||     7
Armor: Skin              |     2 |     3 ||     5
Dodge: Dodged            |     9 |    41 ||    50
